[Event "ICC tourney 2145 (45 10)"]
[Site "Internet Chess Club"]
[Date "2020.11.21"]
[Round "1"]
[White "mutantpenguin"]
[Black "rpodder1"]
[Result "1/2-1/2"]
[ICCResult "Game drawn by mutual agreement"]
[WhiteElo "1352"]
[BlackElo "1546"]
[Opening "Scotch: Schmidt variation"]
[ECO "C45"]
[NIC "SO.04"]
[Time "12:02:27"]
[TimeControl "2700+10"]

1. e4 e5 2. Nf3 Nc6 3. d4 exd4 4. Nxd4 Nf6 5. Nc3 Bb4 6. Nxc6 bxc6 7. Bd2
O-O 8. Bd3 Re8 9. O-O Bxc3 10. Bxc3 Nxe4 11. Re1 Nxc3 12. bxc3 Bb7 13. Rb1
Rb8 14. Rxe8+ Qxe8 15. Qe2 Ba8 16. Rxb8 Qxb8 17. h3 g6 18. Qd2 Qb1+ 19. Kh2
Qxa2 20. c4 Qa3 21. Qe3 Qd6+ 22. g3 Qe6 23. Qxa7 Qe8 24. Qxc7 d5 25. cxd5
cxd5 26. Qf4 Qc6 27. Qf3 Qc3 28. Qe2 Qa1 29. Qf1 Qa7 30. Qe2 Bc6 31. Kg1 d4
32. Bb5 Qa1+ 33. Qf1 Qxf1+ 34. Bxf1 Bd7 35. h4 Kg7 36. Bd3 Kf6 37. Kf1 h6
38. Ke2 g5 39. hxg5+ hxg5 40. Kf3 Ke5 41. Bc4 f5 42. Bd3 Bc6+ 43. Ke2 g4 44.
Bc4 Be4 45. Bd3 f4 46. Bxe4 Kxe4 47. gxf4 Kxf4 48. Ke1 Ke4 49. Ke2 Kf4 50.
Ke1 Kf3 51. Kf1 Kf4 52. Ke2 Ke5 53. Kd3 Kd5 54. Ke2 Kc4 55. Kd2
{Game drawn by mutual agreement}
1/2-1/2

[Event "ICC tourney 2145 (45 10)"]
[Site "Internet Chess Club"]
[Date "2020.11.21"]
[Round "1"]
[White "sam5194"]
[Black "jojoraman"]
[Result "1-0"]
[ICCResult "Black checkmated"]
[WhiteElo "1624"]
[BlackElo "1359"]
[Opening "Scotch: Fraser attack"]
[ECO "C45"]
[NIC "SO.04"]
[Time "12:02:21"]
[TimeControl "2700+10"]

1. e4 e5 2. Nf3 Nc6 3. d4 exd4 4. Nxd4 Qh4 5. Nf3 Qxe4+ 6. Be2 Be7 7. O-O
Nf6 8. Nc3 Qe6 9. Re1 O-O 10. Bd3 Qd6 11. Nb5 Qb4 12. Nxc7 Rb8 13. a3 Qa5
14. Nb5 Qd8 15. Bf4 d6 16. Bxd6 Bxd6 17. Nxd6 g6 18. Ne4 Nxe4 19. Bxe4 Qxd1
20. Raxd1 Be6 21. Nd4 Nxd4 22. Rxd4 Rfd8 23. Red1 Rdc8 24. R4d2 Bg4 25. Bf3
Bxf3 26. gxf3 Kg7 27. c3 Rc6 28. Re1 Rf6 29. Kg2 Rb6 30. c4 Rc8 31. Rc1 Rbc6
32. Rdc2 b5 33. c5 Kf6 34. b4 a5 35. Rd2 axb4 36. axb4 Ra6 37. Rcd1 Ra4 38.
Rd6+ Kg7 39. Rb1 h6 40. Rb6 Raa8 41. Rxb5 Rab8 42. Rxb8 Rxb8 43. c6 Kf8 44.
b5 Ke7 45. c7 Rc8 46. b6 Kd7 47. b7 Kxc7 48. bxc8=Q+ Kxc8 49. Rd1 Kc7 50.
Kg3 Kc8 51. Kf4 f6 52. Ke4 Kc7 53. Kd5 Kd7 54. Re1 f5 55. Re6 g5 56. Rxh6 g4
57. f4 g3 58. fxg3 Ke7 59. Rg6 Kf7 60. Rg5 Kf6 61. h4 Kf7 62. h5 Kf8 63. h6
Kf7 64. h7 Ke7 65. h8=Q Kf7 66. Rg7+ Kf6 67. Qh6# {Black checkmated} 1-0

[Event "ICC tourney 2145 (45 10)"]
[Site "Internet Chess Club"]
[Date "2020.11.21"]
[Round "1"]
[White "Nacaroa-Dan"]
[Black "ElijahL2020"]
[Result "1-0"]
[ICCResult "Black checkmated"]
[WhiteElo "1577"]
[BlackElo "1320"]
[Opening "Bishop's opening/Petrov: Urusov gambit"]
[ECO "C24"]
[NIC "IG.04"]
[Time "12:02:22"]
[TimeControl "2700+10"]

1. e4 e5 2. Bc4 Nf6 3. d4 exd4 4. Nf3 Bc5 5. e5 d5 6. exf6 dxc4 7. fxg7 Qe7+
8. Qe2 Qxe2+ 9. Kxe2 Rg8 10. Bh6 Nc6 11. Re1 Be6 12. Ng5 Bf5 13. Kf1+ Be7
14. Nd2 Na5 15. Nde4 O-O-O 16. Nxf7 Rd5 17. Rad1 d3 18. cxd3 cxd3 19. Nc3
Rd7 20. Re5 Bg6 21. Rxa5 Bxf7 22. Rxa7 Kb8 23. Ra4 Bg6 24. Rf4 Rdd8 25. Ne4
Rd4 26. Nf6 Bxf6 27. Rxf6 Rdd8 28. Rf8 Kc8 29. Ke1 Re8+ 30. Kd2 Rd8 31. Re1
Kd7 32. Re3 c5 33. b3 Kc7 34. f4 Bh5 35. h3 Be2 36. f5 b5 37. g4 c4 38. f6
c3+ 39. Kxc3 d2 40. Re7+ Kc8 41. Bxd2 Kb8 42. Rxd8+ Rxd8 43. f7 Rd3+ 44. Kb4
Rxd2 45. f8=Q+ Rd8 46. Qxd8# {Black checkmated} 1-0

[Event "ICC tourney 2145 (45 10)"]
[Site "Internet Chess Club"]
[Date "2020.11.21"]
[Round "1"]
[White "lmperfectFocus"]
[Black "dangdang2000"]
[Result "1-0"]
[ICCResult "Black checkmated"]
[WhiteElo "1562"]
[BlackElo "1252"]
[Opening "two knights: Max Lange attack"]
[ECO "C55"]
[NIC "KP.02"]
[Time "12:02:24"]
[TimeControl "2700+10"]

1. e4 e5 2. Nf3 Nc6 3. d4 exd4 4. Bc4 Nf6 5. O-O Bc5 6. e5 d5 7. exf6 dxc4
8. Re1+ Be6 9. Ng5 Qxf6 10. Nxe6 fxe6 11. Qh5+ g6 12. Qxc5 Rf8 13. Rf1 O-O-O
14. Bg5 Rd5 15. Qxd5 exd5 16. Bxf6 Rxf6 17. Nd2 Nb4 18. Rfc1 d3 19. cxd3
Nxd3 20. Rf1 Nxb2 21. Rae1 c3 22. Nb3 c2 23. Rc1 Rc6 24. Nd4 Rc4 25. Rxc2
Rxd4 26. Rxb2 b6 27. Re1 Kd7 28. Rbe2 h5 29. Re7+ Kc8 30. g3 c5 31. Rxa7 Kb8
32. Ree7 c4 33. Reb7+ Kc8 34. Rg7 Kb8 35. Raf7 Re4 36. Rf8+ Re8 37. Rxe8#
{Black checkmated}
1-0

[Event "ICC tourney 2145 (45 10)"]
[Site "Internet Chess Club"]
[Date "2020.11.21"]
[Round "1"]
[White "bgolkar"]
[Black "drjava"]
[Result "0-1"]
[ICCResult "White resigns"]
[WhiteElo "1386"]
[BlackElo "1647"]
[Opening "Sicilian: Kan, 5.Nc3"]
[ECO "B43"]
[NIC "SI.41"]
[Time "12:02:37"]
[TimeControl "2700+10"]

1. e4 c5 2. Nf3 e6 3. d4 cxd4 4. Nxd4 a6 5. Nc3 b5 6. a3 Bb7 7. Bd3 Nf6 8.
Qe2 Bc5 9. Be3 Bb6 10. f3 O-O 11. O-O d5 12. e5 Nfd7 13. f4 Nc5 14. Rf3 Nxd3
15. cxd3 Nc6 16. Nxc6 Bxc6 17. d4 f6 18. Raf1 Qe7 19. Rc1 b4 20. axb4 Qxb4
21. exf6 Rxf6 22. Rc2 Bxd4 23. Nd1 Bb5 24. Qf2 Bxe3 25. Nxe3 Raf8 26. g3 h5
27. f5 Bd3 28. Rc7 Qa5 29. Rc6 Qa1+ 30. Nf1 Rxf5 {White resigns} 0-1

[Event "ICC tourney 2145 (45 10)"]
[Site "Internet Chess Club"]
[Date "2020.11.21"]
[Round "1"]
[White "mrneale"]
[Black "jjplaman"]
[Result "1-0"]
[ICCResult "Black resigns"]
[WhiteElo "1598"]
[BlackElo "1401"]
[Opening "King's Indian: London system"]
[ECO "A48"]
[NIC "QP.03"]
[Time "12:02:23"]
[TimeControl "2700+10"]

1. d4 Nf6 2. Nf3 g6 3. Bf4 Bg7 4. e3 O-O 5. Bd3 d5 6. Nbd2 Nc6 7. c3 a6 8.
h3 Nd7 9. O-O e5 10. dxe5 Ncxe5 11. Nxe5 Nxe5 12. Bc2 Bd7 13. Bb3 Bc6 14.
Nf3 Nxf3+ 15. Qxf3 d4 16. e4 dxc3 17. bxc3 Kh8 18. Rfd1 Qe7 19. Bd5 Rad8 20.
Bxc6 bxc6 21. Rxd8 Rxd8 22. Re1 Kg8 23. Kf1 Be5 24. Bxe5 Qxe5 25. Qe3 Re8
26. f4 Qb5+ 27. Kf2 Qb6 28. g4 Qb2+ 29. Re2 Qb6 30. e5 f6 31. Qxb6 cxb6 32.
exf6 Rxe2+ 33. Kxe2 Kf7 34. g5 h6 35. h4 h5 36. Kd3 Ke6 37. Ke4 c5 38. c4 b5
39. Kd3 b4 40. Kc2 a5 41. Kb3 {Black resigns} 1-0

[Event "ICC tourney 2145 (45 10)"]
[Site "Internet Chess Club"]
[Date "2020.11.21"]
[Round "1"]
[White "Mannansh"]
[Black "UltimateDL"]
[Result "0-1"]
[ICCResult "White resigns"]
[WhiteElo "1190"]
[BlackElo "1485"]
[Opening "Sicilian: Smith-Morra gambit"]
[ECO "B21"]
[NIC "SI.48"]
[Time "12:02:35"]
[TimeControl "2700+10"]

1. e4 c5 2. d4 cxd4 3. c3 d5 4. Qxd4 Nf6 5. exd5 Nxd5 6. c4 Nb4 7. Qxd8+
Kxd8 8. Na3 Bf5 9. Nf3 Nd7 10. Bf4 e6 11. Be2 Bc5 12. O-O Ke7 13. Rad1 Nxa2
14. Nb5 a6 15. Bd6+ Bxd6 16. Nxd6 Bg6 17. Rd2 Nc5 18. Rfd1 Nb3 19. Nf5+ Bxf5
20. Rd7+ Kf6 21. Rxb7 Nc5 22. Rc7 Rhc8 23. Rxc8 Rxc8 24. Ra1 Nb4 25. Nd4 Nc2
26. Nxc2 Bxc2 27. Rc1 Bd3 28. Bxd3 Nxd3 29. Rc2 Ne5 30. c5 Nd3 31. Kf1 Rxc5
32. Rxc5 Nxc5 33. Ke2 Ke5 34. Kd2 Kd4 35. Kc2 a5 36. Kb1 Kd3 {White resigns}
0-1

[Event "ICC tourney 2145 (45 10)"]
[Site "Internet Chess Club"]
[Date "2020.11.21"]
[Round "1"]
[White "JudeNYC"]
[Black "adma2028"]
[Result "0-1"]
[ICCResult "White checkmated"]
[WhiteElo "1536"]
[BlackElo "1429"]
[Opening "Vienna: Paulsen-Mieses variation"]
[ECO "C26"]
[NIC "VG.01"]
[Time "12:02:23"]
[TimeControl "2700+10"]

1. e4 e5 2. Nc3 Nf6 3. g3 Nc6 4. Bg2 Bc5 5. Nge2 d6 6. O-O h5 7. Na4 Bb6 8.
Nxb6 axb6 9. f4 Bg4 10. d3 Nd4 11. Re1 Nxe2+ 12. Rxe2 Bxe2 13. Qxe2 h4 14.
fxe5 dxe5 15. Bg5 hxg3 16. hxg3 Qd4+ 17. Qf2 Qxf2+ 18. Kxf2 Nd7 19. a3 Nc5
20. Rf1 f6 21. Be3 Ne6 22. Kf3 c5 23. Kg4 Rh2 24. Rf2 Nd4 25. Bxd4 cxd4 26.
Kf5 Kf7 27. Kg4 Rah8 28. Kf3 R8h5 29. g4 Rh8 30. Kg3 R2h7 31. c3 dxc3 32.
bxc3 Rc8 33. Rc2 g5 34. Bf1 Ke6 35. Rb2 Rc6 36. c4 Rh1 37. Kg2 Rh4 38. Be2
Kd6 39. Rb5 Kc7 40. Bd1 Rc5 41. Rb2 Ra5 42. a4 Kc6 43. Rf2 Rh6 44. Rf5 Ra8
45. Rf1 Rah8 46. Kf3 Rh3+ 47. Ke2 Rh2+ 48. Ke1 Rh1 49. Bf3 Rxf1+ 50. Kxf1
Kc5 51. Kg2 Kd4 52. Be2 Ra8 53. Kf1 Rxa4 54. Ke1 Ke3 55. Kd1 Ra1+ 56. Kc2
Ra2+ 57. Kb3 Rxe2 58. Kb4 Kxd3 59. Kb5 Rxe4 60. Kxb6 Rxc4 61. Kxb7 Rc5 62.
Kb6 Kd4 63. Kb7 Kd5 64. Ka7 Rb5 65. Ka6 Kc6 66. Ka7 Rb1 67. Ka8 Kc7 68. Ka7
Ra1# {White checkmated} 0-1

[Event "ICC tourney 2145 (45 10)"]
[Site "Internet Chess Club"]
[Date "2020.11.21"]
[Round "1"]
[White "Abhinac123"]
[Black "Fredzhang"]
[Result "1-0"]
[ICCResult "Black checkmated"]
[WhiteElo "1467"]
[BlackElo "1132"]
[Opening "QGD: Marshall defense"]
[ECO "D06"]
[NIC "QP.08"]
[Time "12:02:24"]
[TimeControl "2700+10"]

1. d4 d5 2. c4 Nf6 3. cxd5 Nxd5 4. e4 Nb6 5. Nf3 Bg4 6. Be2 e6 7. Nc3 Nc6 8.
Be3 Bxf3 9. Bxf3 Nc4 10. Rb1 Be7 11. O-O Nxe3 12. fxe3 O-O 13. e5 Qd7 14.
Be4 f5 15. exf6 Bxf6 16. Rf3 Rf7 17. Rh3 g6 18. d5 Bxc3 19. dxe6 Qxd1+ 20.
Rxd1 Re7 21. bxc3 Kg7 22. Bxc6 bxc6 23. Rh4 Rae8 24. Rd7 Rxd7 25. exd7 Rd8
26. Ra4 Rxd7 27. Rxa7 Kf6 28. Kf2 Ke6 29. Ra4 h6 30. Re4+ Kf6 31. a4 Rd5 32.
Rc4 Rd6 33. a5 Kg7 34. a6 c5 35. Rxc5 Rxa6 36. Rxc7+ Kf6 37. Rc5 Ra2+ 38.
Kf3 Ra4 39. c4 Ra6 40. Rb5 Rc6 41. c5 Kf5 42. g4+ Ke5 43. Rb6 Rxc5 44. Rxg6
Rc2 45. Rxh6 Rd2 46. h4 Rh2 47. Rh5+ Kf6 48. Rf5+ Kg6 49. h5+ Kh6 50. Rf6+
Kg5 51. Rg6+ Kh4 52. h6 Rh3+ 53. Ke4 Kg3 54. g5 Rh4+ 55. Kd3 Kg4 56. Rg7 Kf5
57. h7 Rh5 58. g6 Kf6 59. Rg8 Kg5 60. h8=Q Rxh8 61. Rxh8 Kxg6 62. Ra8 Kf6
63. Ke4 Ke6 64. Ra5 Kf6 65. Ra6+ Kg5 66. Kd5 Kf5 67. e4+ Kf4 68. e5 Ke3 69.
e6 Kf4 70. e7 Kf5 71. e8=Q Kf4 72. Rf6+ Kg5 73. Qg6+ Kh4 74. Rf1 Kh3 75.
Rh1# {Black checkmated} 1-0

[Event "ICC tourney 2145 (45 10)"]
[Site "Internet Chess Club"]
[Date "2020.11.21"]
[Round "1"]
[White "byumitchell"]
[Black "AngelaIL203"]
[Result "1-0"]
[ICCResult "Black resigns"]
[WhiteElo "1476"]
[BlackElo "1190"]
[Opening "Three knights game"]
[ECO "C46"]
[NIC "KP.06"]
[Time "12:02:25"]
[TimeControl "2700+10"]

1. e4 e5 2. Nf3 Nc6 3. Nc3 Bc5 4. d3 h6 5. Be2 Nf6 6. h3 d6 7. Na4 Bb6 8.
Nxb6 axb6 9. Be3 Be6 10. a3 O-O 11. O-O Qd7 12. Nh2 d5 13. exd5 Nxd5 14. Qd2
Nxe3 15. fxe3 e4 16. d4 Na5 17. b3 c5 18. Rf4 f5 19. Rd1 g5 20. Rff1 cxd4
21. exd4 Rfd8 22. Qe3 Rac8 23. c4 Nxc4 24. Bxc4 Bxc4 25. bxc4 Rxc4 26. Qb3
Qd5 27. Rxf5 Qxf5 28. Qxc4+ Qd5 {Black resigns} 1-0

[Event "ICC tourney 2145 (45 10)"]
[Site "Internet Chess Club"]
[Date "2020.11.21"]
[Round "1"]
[White "Alec-hine"]
[Black "handsomematch"]
[Result "1-0"]
[ICCResult "Black resigns"]
[WhiteElo "1494"]
[BlackElo "1219"]
[Opening "Trompowsky attack (Ruth, Opocenský opening)"]
[ECO "A45"]
[NIC "QP.07"]
[Time "12:03:11"]
[TimeControl "2700+10"]

1. d4 Nf6 2. Bg5 g6 3. Bxf6 exf6 4. e3 Bg7 5. g3 O-O 6. Bg2 d5 7. Ne2 f5 8.
O-O c5 9. c3 c4 10. Nf4 Be6 11. b3 cxb3 12. Qxb3 Qd7 13. Bxd5 Bxd5 14. Qxd5
Qc7 15. Qb3 Nd7 16. Nd2 Rac8 17. Rfc1 Nb6 18. Rab1 g5 19. Nd5 Nxd5 20. Qxd5
b6 21. Qxf5 h6 22. c4 Rfd8 23. Ne4 Qe7 24. c5 Qc7 25. Nf6+ Bxf6 26. Qxf6 Kh7
27. cxb6 Qxc1+ 28. Rxc1 Rxc1+ 29. Kg2 Rdc8 30. Qxf7+ Kh8 31. Qf6+
{Black resigns}
1-0

[Event "ICC tourney 2145 (45 10)"]
[Site "Internet Chess Club"]
[Date "2020.11.21"]
[Round "1"]
[White "ZYCON"]
[Black "virajphadke"]
[Result "0-1"]
[ICCResult "White checkmated"]
[WhiteElo "1385"]
[BlackElo "1599"]
[Opening "Queen's pawn game"]
[ECO "E10"]
[NIC "QI.01"]
[Time "12:02:26"]
[TimeControl "2700+10"]

1. d4 Nf6 2. c4 e6 3. Nf3 d5 4. e3 b6 5. Be2 Nbd7 6. O-O c5 7. cxd5 exd5 8.
Nc3 Bb7 9. b3 Be7 10. Bb2 O-O 11. Rc1 Rc8 12. Nd2 cxd4 13. exd4 Re8 14. Bd3
a6 15. Re1 Nf8 16. h3 Ne6 17. Bf5 Rc6 18. Bxe6 Rxe6 19. Rxe6 fxe6 20. Nf3
Bd6 21. Qd3 Ne4 22. Re1 Qf6 23. Qe2 Rf8 24. Nxe4 dxe4 25. Nd2 Qf4 26. Nc4
Qh2+ 27. Kf1 Qh1# {White checkmated} 0-1

[Event "ICC tourney 2145 (45 10)"]
[Site "Internet Chess Club"]
[Date "2020.11.21"]
[Round "1"]
[White "WallyCleaver"]
[Black "ChessHawk8"]
[Result "1-0"]
[ICCResult "Black resigns"]
[WhiteElo "1340"]
[BlackElo "1520"]
[Opening "Sicilian: Labourdonnais-Löwenthal (Kalashnikov) variation"]
[ECO "B32"]
[NIC "SI.32"]
[Time "12:02:34"]
[TimeControl "2700+10"]

1. e4 c5 2. Nf3 Nc6 3. d4 cxd4 4. Nxd4 e5 5. Nb5 d6 6. N1c3 a6 7. Na3 b5 8.
Nd5 Nge7 9. c4 bxc4 10. Nxc4 Nxd5 11. exd5 Na7 12. Be3 Bf5 13. Bd3 Bxd3 14.
Qxd3 Nb5 15. O-O Be7 16. a4 Nc7 17. Nb6 Rb8 18. Rac1 O-O 19. Rc6 Rb7 20.
Rfc1 Bf6 21. Qc2 Qb8 22. Rxc7 Rxb6 23. Bxb6 Qxb6 24. Rc8 Rxc8 25. Qxc8+ Qd8
26. Qxd8+ Bxd8 27. Rc8 {Black resigns} 1-0

[Event "ICC tourney 2145 (45 10)"]
[Site "Internet Chess Club"]
[Date "2020.11.21"]
[Round "1"]
[White "trucker"]
[Black "i3izarre"]
[Result "1-0"]
[ICCResult "Black resigns"]
[WhiteElo "1665"]
[BlackElo "1388"]
[Opening "Ruy Lopez: Berlin defense, 4.O-O, d6"]
[ECO "C66"]
[NIC "RL.02"]
[Time "12:02:28"]
[TimeControl "2700+10"]

1. e4 e5 2. Nf3 Nc6 3. Bb5 d6 4. O-O Nf6 5. Re1 Bd7 6. c3 Be7 7. d4 O-O 8.
h3 a6 9. Ba4 b5 10. Bb3 a5 11. Na3 a4 12. Bc2 Na5 13. dxe5 dxe5 14. Nxe5
Bxa3 15. bxa3 Be6 16. Qf3 h6 17. Be3 Qd6 18. Nd3 Qc6 19. Bd4 Nh7 20. Qg3 f6
21. Nb4 Qd6 22. e5 Qd7 23. Rad1 Nc4 24. exf6 Nxf6 25. Bxf6 Qf7 26. Rxe6 Kh8
27. Qh4 {Black resigns} 1-0

[Event "ICC tourney 2145 (45 10)"]
[Site "Internet Chess Club"]
[Date "2020.11.21"]
[Round "1"]
[White "smartgoldfish"]
[Black "wildrumpus"]
[Result "0-1"]
[ICCResult "White checkmated"]
[WhiteElo "1160"]
[BlackElo "1469"]
[Opening "Caro-Kann: advance variation"]
[ECO "B12"]
[NIC "CK.04"]
[Time "12:02:24"]
[TimeControl "2700+10"]

1. e4 c6 2. d4 d5 3. e5 Bf5 4. Bd3 Bxd3 5. Qxd3 Qa5+ 6. Bd2 Qa6 7. Qe3 e6 8.
Ne2 Ne7 9. O-O Nf5 10. Qf3 c5 11. c3 Nc6 12. dxc5 Nxe5 13. Qf4 Ng6 14. Qg4
h5 15. Qf3 Ngh4 16. Qf4 Qxe2 17. Qa4+ Kd8 18. Qa5+ Kc8 19. Bf4 e5 20. Na3
Qe4 21. f3 Qxf4 22. Rae1 Qg5 23. Rf2 Ne3 24. Nb5 Qd8 25. Nxa7+ Rxa7 26. Qxa7
Nhxg2 27. Rxg2 Nxg2 28. Rxe5 Nf4 29. Qa8+ Kd7 30. Qxb7+ Qc7 31. c6+ Kd6 32.
Re8 Ne6 33. Rc8 Qxb7 34. cxb7 Kd7 35. b8=Q Bc5+ 36. Kg2 Rxc8 37. Qb5+ Ke7
38. Qb7+ Rc7 39. Qb5 Bd6 40. b4 g6 41. Kf2 Rxc3 42. Qxd5 Rc2+ 43. Ke1 Bxb4+
44. Kf1 Rc1+ 45. Kf2 Bc5+ 46. Kg3 Rg1+ 47. Kh4 Bf2+ 48. Kh3 Nf4#
{White checkmated}
0-1

[Event "ICC tourney 2145 (45 10)"]
[Site "Internet Chess Club"]
[Date "2020.11.21"]
[Round "1"]
[White "bsarvagnya"]
[Black "shubham14"]
[Result "1/2-1/2"]
[ICCResult "Game drawn by mutual agreement"]
[WhiteElo "1232"]
[BlackElo "1495"]
[Opening "Sicilian: Najdorf"]
[ECO "B90"]
[NIC "SI.14"]
[Time "12:03:10"]
[TimeControl "2700+10"]

1. e4 c5 2. Nf3 d6 3. d4 cxd4 4. Nxd4 Nf6 5. Nc3 a6 6. a3 g6 7. Bc4 Bg7 8.
h3 O-O 9. Bg5 b5 10. Bb3 Bb7 11. Bxf6 Bxf6 12. O-O Qb6 13. Nf3 Bxc3 14. bxc3
Bxe4 15. Re1 Bxf3 16. Qxf3 Nc6 17. Bd5 Ne5 18. Rxe5 dxe5 19. Bxa8 f5 20.
Qd5+ e6 21. Qc6 Qb8 22. Qxe6+ Kg7 23. Bd5 Rd8 24. Qf7+ Kh6 25. c4 bxc4 26.
Bxc4 Qb2 27. Ra2 Qb1+ 28. Bf1 Rd1 29. Qc4 Rxf1+ 30. Qxf1 Qxa2 31. Qxa6 Qxc2
32. a4 Qc1+ 33. Qf1 Qa3 34. Qc4 e4 35. Qb5 Qc1+ 36. Qf1 Qa3 37. Qd1 Kg5 38.
Qd2+ {Game drawn by mutual agreement} 1/2-1/2

[Event "ICC tourney 2145 (45 10)"]
[Site "Internet Chess Club"]
[Date "2020.11.21"]
[Round "1"]
[White "BobbyFissure"]
[Black "Paladin51"]
[Result "1/2-1/2"]
[ICCResult "Game drawn by repetition"]
[WhiteElo "1423"]
[BlackElo "1593"]
[Opening "Bird's opening"]
[ECO "A02"]
[NIC "VO.07"]
[Time "12:02:57"]
[TimeControl "2700+10"]

1. f4 c5 2. Nf3 Nc6 3. e4 d6 4. Bc4 h6 5. h3 e5 6. f5 Nf6 7. Nc3 Be7 8. O-O
Bd7 9. d3 a6 10. a4 Nd4 11. Nxd4 cxd4 12. Nd5 Bc6 13. Nxe7 Qxe7 14. Bd2 d5
15. exd5 Bxd5 16. Bxd5 Nxd5 17. Qf3 Rd8 18. Qg3 f6 19. Qg6+ Qf7 20. Qg4 Rc8
21. Rac1 h5 22. Qe4 O-O 23. c4 dxc3 24. bxc3 Rc7 25. c4 Ne7 26. Rf3 Nc6 27.
Rg3 Qd7 28. Kh2 Qd4 29. Qe2 Qh4 30. Be3 Rd7 31. Qf2 Kh8 32. Rd1 Nd4 33. Bh6
Rg8 34. Be3 Rgd8 35. Bh6 Rg8 36. Be3 Rgd8 37. Bh6 Rg8 38. Be3
{Game drawn by repetition}
1/2-1/2

[Event "ICC tourney 2145 (45 10)"]
[Site "Internet Chess Club"]
[Date "2020.11.21"]
[Round "2"]
[White "UltimateDL"]
[Black "trucker"]
[Result "0-1"]
[ICCResult "White checkmated"]
[WhiteElo "1472"]
[BlackElo "1672"]
[Opening "Scotch: Potter variation"]
[ECO "C45"]
[NIC "SO.05"]
[Time "14:31:51"]
[TimeControl "2700+10"]

1. e4 e5 2. Nf3 Nc6 3. d4 exd4 4. Nxd4 Bc5 5. Nb3 Bb6 6. Nc3 Nf6 7. Bg5 d6
8. Nd5 Bxf2+ 9. Ke2 Bg4+ 10. Kd2 Nxe4+ 11. Kd3 Qxg5 12. Be2 Qxd5+ 13. Nd4
Qxd4# {White checkmated} 0-1

[Event "ICC tourney 2145 (45 10)"]
[Site "Internet Chess Club"]
[Date "2020.11.21"]
[Round "2"]
[White "jojoraman"]
[Black "bgolkar"]
[Result "1/2-1/2"]
[ICCResult "Game drawn by repetition"]
[WhiteElo "1361"]
[BlackElo "1423"]
[Opening "Scotch game"]
[ECO "C45"]
[NIC "SO.05"]
[Time "14:31:46"]
[TimeControl "2700+10"]

1. e4 e5 2. Nf3 Nc6 3. d4 exd4 4. Nxd4 Bc5 5. Be3 Qf6 6. c3 Nge7 7. Bc4 Qg6
8. Qf3 d6 9. h3 Ne5 10. Qe2 Qxe4 11. f3 Qg6 12. Bb3 Qg3+ 13. Bf2 Qxg2 14.
Rg1 Nxf3+ 15. Nxf3 Qxh3 16. Bxc5 dxc5 17. Nbd2 Bg4 18. O-O-O Be6 19. Bxe6
Qxe6 20. Qxe6 fxe6 21. Rxg7 Nd5 22. c4 Nb4 23. a3 Nd3+ 24. Kc2 O-O-O 25. Nb3
Nf4 26. Rxd8+ Kxd8 27. Nxc5 b6 28. Na6 h5 29. Nh4 Re8 30. Rxc7 e5 31. Rxa7
Re6 32. Rg7 e4 33. Rg1 e3 34. Re1 e2 35. Nf3 Re3 36. Ng1 h4 37. Kd2 Rd3+ 38.
Kc2 Re3 39. Kd2 Rd3+ 40. Kc2 Re3 {Game drawn by repetition} 1/2-1/2

[Event "ICC tourney 2145 (45 10)"]
[Site "Internet Chess Club"]
[Date "2020.11.21"]
[Round "2"]
[White "rpodder1"]
[Black "BobbyFissure"]
[Result "0-1"]
[ICCResult "White checkmated"]
[WhiteElo "1515"]
[BlackElo "1425"]
[Opening "French: exchange variation"]
[ECO "C01"]
[NIC "FR.01"]
[Time "14:31:51"]
[TimeControl "2700+10"]

1. e4 e6 2. d4 d5 3. exd5 exd5 4. c4 Nf6 5. Nc3 Be7 6. h3 Nc6 7. Nf3 O-O 8.
Be2 Be6 9. Ng5 Bf5 10. Nf3 Qd7 11. Be3 Bb4 12. O-O Bxh3 13. gxh3 Qxh3 14.
Nh2 Bd6 15. Ng4 Nxg4 16. Bxg4 Qh2# {White checkmated} 0-1

[Event "ICC tourney 2145 (45 10)"]
[Site "Internet Chess Club"]
[Date "2020.11.21"]
[Round "2"]
[White "cryingsamoerai"]
[Black "Nacaroa-Dan"]
[Result "0-1"]
[ICCResult "White resigns"]
[WhiteElo "385"]
[BlackElo "1571"]
[Opening "Scandinavian defense"]
[ECO "B01"]
[NIC "SD.03"]
[Time "14:32:38"]
[TimeControl "2700+10"]

1. e4 d5 2. exd5 Nf6 3. Nc3 Nxd5 4. Nxd5 Qxd5 5. Nf3 e5 6. d4 Bg4 7. Be2 Nc6
8. Nxe5 Bxe2 9. Qxe2 Nxd4 10. Qd3 Qxe5+ 11. Be3 O-O-O 12. O-O-O Nc6 13. Qe2
Bd6 14. Rd2 Rhe8 15. Rhd1 f5 16. f4 Qxf4 17. Rd3 Rxe3 18. Rxe3 Bc5 19. Re1
Re8 20. Kb1 Rxe3 {White resigns} 0-1

[Event "ICC tourney 2145 (45 10)"]
[Site "Internet Chess Club"]
[Date "2020.11.21"]
[Round "2"]
[White "jjplaman"]
[Black "smartgoldfish"]
[Result "1-0"]
[ICCResult "Black checkmated"]
[WhiteElo "1411"]
[BlackElo "1155"]
[Opening "Giuoco Piano"]
[ECO "C50"]
[NIC "IG.02"]
[Time "14:31:47"]
[TimeControl "2700+10"]

1. e4 e5 2. Nf3 Nc6 3. Bc4 Bc5 4. Nc3 d6 5. h3 Nf6 6. d3 h6 7. O-O O-O 8.
Bd2 Be6 9. Nd5 Bxd5 10. exd5 Ne7 11. Qc1 Nexd5 12. Bxh6 gxh6 13. Qxh6 c6 14.
Ng5 Qe7 15. Rae1 b5 16. Re4 Nf4 17. g3 d5 18. gxf4 dxe4 19. Kh1 bxc4 20. Rg1
Bxf2 21. Ne6+ Bxg1 22. Qg7# {Black checkmated} 1-0

[Event "ICC tourney 2145 (45 10)"]
[Site "Internet Chess Club"]
[Date "2020.11.21"]
[Round "2"]
[White "wildrumpus"]
[Black "mrneale"]
[Result "1-0"]
[ICCResult "Black checkmated"]
[WhiteElo "1489"]
[BlackElo "1569"]
[Opening "Queen's Pawn"]
[ECO "A41"]
[NIC "QO.17"]
[Time "14:32:01"]
[TimeControl "2700+10"]

1. d4 d6 2. e3 Nd7 3. Nf3 e5 4. dxe5 dxe5 5. Bc4 c6 6. e4 Be7 7. O-O h6 8.
Nc3 Ngf6 9. a4 Qc7 10. h3 Nf8 11. Nh4 Be6 12. Qe2 Bb4 13. Nf5 Bxf5 14. exf5
Bxc3 15. bxc3 Nd5 16. Re1 f6 17. Qh5+ Qf7 18. Qf3 O-O-O 19. a5 Nh7 20. Be3
Ng5 21. Bxg5 hxg5 22. Red1 Qh5 23. Bxd5 cxd5 24. Qe3 Kb8 25. Rdb1 g4 26. a6
d4 27. Qe4 Rd7 28. Rxb7+ Kc8 29. Qc6+ Kd8 30. Qxd7# {Black checkmated} 1-0

[Event "ICC tourney 2145 (45 10)"]
[Site "Internet Chess Club"]
[Date "2020.11.21"]
[Round "2"]
[White "ElijahL2020"]
[Black "ZYCON"]
[Result "1/2-1/2"]
[ICCResult "Game drawn by mutual agreement"]
[WhiteElo "1328"]
[BlackElo "1390"]
[Opening "Sicilian: dragon, classical attack"]
[ECO "B72"]
[NIC "SI.16"]
[Time "14:31:45"]
[TimeControl "2700+10"]

1. e4 c5 2. Nf3 d6 3. d4 cxd4 4. Nxd4 Nf6 5. Nc3 g6 6. Be3 Bg7 7. Be2 O-O 8.
f3 Nc6 9. O-O Bd7 10. Nxc6 bxc6 11. Qd2 Qc7 12. Bh6 Be6 13. Bxg7 Kxg7 14.
Kh1 d5 15. exd5 Nxd5 16. Nxd5 Bxd5 17. Rfd1 Rad8 18. Qc3+ Kg8 19. Rd4 Rd7
20. Rh4 Rfd8 21. g3 Qb6 22. Rf1 c5 23. b3 Bb7 24. Bc4 Ba6 25. Bxf7+ Kxf7 26.
Rxh7+ Ke6 27. Qe3+ Kd6 28. Rd1+ Kc7 29. Qe5+ Kc8 30. Rxd7 Rxd7 31. Rxe7 Rd1+
32. Kg2 Bf1+ 33. Kf2 c4+ 34. Qe3 Qxe3+ 35. Rxe3 cxb3 36. cxb3 Ba6 37. Rc3+
Kd7 38. Rc2 Kd6 39. Ke3 Rd5 40. Rd2 Rxd2 41. Kxd2 Ke5 42. Ke3 Kf5 43. h4 Bb7
44. g4+ Ke5 45. f4+ Ke6 46. Kd4 Bf3 47. g5 Kf5 48. Ke3 Bd1 49. b4 Kg4 50.
Ke4 Bc2+ 51. Ke5 Kxh4 52. Kf6 Kg4 53. Ke5 Bb1 54. a4 Bc2 55. a5 Bd3 56. Kf6
Kxf4 57. b5 Bxb5 58. Kxg6 a6 59. Kf6 Ke4 60. g6 Kd4 61. Ke6 Kc5 62. Ke5 Bc4
63. Ke4 Kb5 64. Kd4 Bg8 65. g7 Kxa5 66. Kc3 Ka4 67. Kb2 a5 68. Ka1 Kb3 69.
Kb1 a4 70. Ka1 Kc3 71. Kb1 Bh7+ 72. Ka1 Kb3 73. g8=Q+ Bxg8 74. Kb1 Kc3 75.
Ka1 a3 76. Kb1 Bb3 77. Ka1 Bc4 78. Kb1 {Game drawn by mutual agreement}
1/2-1/2